AoeStats
← 精銳萌古騎豬突猛進

Arena

510528589Analyzed
4v4 RM · 22h ago on Oct 1, 2026· 50m 57s· 8 players
Game mode
Random Map
Map size
Large (8 player)
Population
200
Speed
Normal
Resources
Standard
Victory
Conquest
Starting age
Dark Age
Ending age
Imperial Age
RankedLock teamsTeams togetherTeam positionsShared explorationLock speedFull tech treeHidden civsTurbo modeCheats
Victory
Defeat
🇨🇳 Khmer · China
1411
+16
🇸🇬 Mongols · Singapore
1333
+19
🇨🇳 Franks · China
1309
+20
1291
+22
🇨🇳 Berbers · China
1425
-19
🇨🇳 Turks · China
1420
-20
🇨🇳 Britons · China
1400
-19
🇨🇳 Italians · China
1398
-19
The Long Dark
9:59 Feudal Age
11:46 Double-Bit Axe
14:28 Castle Age
12:22 Stone Mining
14:07 Horse Collar
15:33 Bow Saw
16:11 Heavy Plow
20:58 Wheelbarrow
21:31 Gold Mining
27:11 Imperial Age
26:08 Stone Shaft Mining
27:05 Hand Cart
26:35 Town Watch
26:54 Padded Archer Armor
26:45 Fletching
27:13 Treadmill Crane
27:53 Ballistics
28:54 Two-Man Saw
28:13 Leather Archer Armor
29:15 Chemistry
28:39 Conscription
28:59 Thumb Ring
29:41 Bloodlines
29:31 Husbandry
28:52 Light Cavalry
29:34 Bodkin Arrow
31:03 Bracer
32:14 Squires
32:48 Ring Archer Armor
32:19 Scale Mail Armor
32:29 Forging
32:17 Loom
35:25 Fortified Wall
35:11 Murder Holes
35:26 Masonry
36:25 Scale Barding Armor
36:56 Iron Casting
36:32 Light Cavalry
37:36 Chain Barding Armor
38:29 Architecture
38:37 Hoardings
37:33 Elite Genoese Crossbowman
47:16 Hussar
49:12 Crop Rotation
51:39 Plate Barding Armor
craner_x
10:16 Feudal Age
11:10 Double-Bit Axe
11:25 Horse Collar
14:01 Castle Age
15:01 Bow Saw
20:40 Wheelbarrow
24:01 Hand Cart
23:53 Heavy Plow
23:48 Gold Mining
23:55 Stone Mining
25:33 Gold Shaft Mining
25:44 Loom
30:22 Imperial Age
网恋被骗50块
8:42 Loom
11:19 Feudal Age
12:59 Horse Collar
13:13 Double-Bit Axe
16:00 Castle Age
14:28 Horse Collar
17:44 Bow Saw
23:44 Heavy Plow
24:53 Wheelbarrow
24:38 Town Watch
25:56 Hand Cart
26:24 Stone Mining
26:26 Gold Mining
28:55 Bloodlines
名奈奈奈
11:03 Feudal Age
15:13 Castle Age
13:10 Double-Bit Axe
13:38 Horse Collar
17:32 Heavy Plow
19:53 Loom
19:54 Town Watch
23:26 Wheelbarrow
23:09 Bow Saw
25:16 Hand Cart
24:56 Gold Mining
24:56 Stone Mining
30:08 Imperial Age
27:31 Fletching
28:23 Bodkin Arrow
29:16 Padded Archer Armor
用爱感化队友
10:16 Feudal Age
10:43 Feudal Age
11:42 Town Watch
12:09 Double-Bit Axe
14:35 Castle Age
15:55 Bow Saw
24:28 Wheelbarrow
25:32 Gold Mining
26:43 Loom
27:31 Hand Cart
27:28 Scale Barding Armor
27:33 Forging
28:06 Gold Shaft Mining
31:03 Imperial Age
29:41 Treadmill Crane
30:12 Fortified Wall
31:32 Chain Barding Armor
31:48 Iron Casting
31:50 Chivalry
32:10 Conscription
32:04 Husbandry
32:16 Cavalier
33:41 Plate Barding Armor
36:18 Blast Furnace
34:58 Paladin
37:19 Caravan
37:49 Coinage
37:13 Light Cavalry
8316699
9:56 Feudal Age
13:41 Castle Age
13:25 Double-Bit Axe
13:21 Horse Collar
16:03 Bow Saw
16:30 Heavy Plow
20:23 Scale Barding Armor
22:02 Wheelbarrow
21:19 Gold Mining
23:14 Chain Barding Armor
23:04 Forging
23:34 Gold Shaft Mining
24:02 Bloodlines
24:04 Husbandry
26:30 Hand Cart
28:10 Iron Casting
33:13 Imperial Age
31:43 Fletching
31:45 Stone Mining
32:46 Bodkin Arrow
34:03 Loom
34:54 Stone Shaft Mining
35:23 Blast Furnace
34:23 Bracer
34:26 Padded Archer Armor
34:26 Scale Mail Armor
35:29 Chemistry
35:48 Ballistics
35:39 Masonry
35:40 Fortified Wall
35:26 Murder Holes
36:04 Coinage
36:00 Town Watch
36:50 Town Patrol
37:37 Drill
37:38 Conscription
37:18 Nomads
37:38 Siege Engineers
39:29 Chain Mail Armor
39:29 Leather Archer Armor
38:42 Elite Steppe Lancer
43:23 Banking
42:53 Caravan
43:40 Plate Mail Armor
43:29 Guard Tower
46:47 Light Cavalry
46:48 Cavalier
46:48 Heavy Camel Rider
47:48 Hussar
missed and miss
10:08 Feudal Age
13:14 Castle Age
11:32 Double-Bit Axe
12:08 Horse Collar
18:55 Bow Saw
20:21 Wheelbarrow
20:28 Wheelbarrow
19:54 Heavy Plow
20:10 Man-at-Arms
20:55 Gold Mining
21:01 Long Swordsman
24:16 Gold Shaft Mining
23:42 Scale Mail Armor
24:12 Loom
24:38 Stone Mining
26:06 Chain Mail Armor
26:02 Forging
28:01 Hand Cart
28:46 Iron Casting
32:31 Imperial Age
33:11 Ballistics
34:18 Chemistry
33:24 Siege Engineers
32:43 Capped Ram
32:45 Two-Handed Swordsman
33:58 Heavy Scorpion
33:59 Siege Ram
36:49 Crop Rotation
38:33 Blast Furnace
37:23 Fletching
37:30 Murder Holes
37:45 Masonry
38:43 Double Crossbow
39:04 Conscription
39:56 Stone Shaft Mining
39:54 Architecture
40:11 Arson
40:22 Bodkin Arrow
40:28 Padded Archer Armor
41:00 Pikeman
43:25 Fortified Wall
44:17 Coinage
44:22 Bracer
44:37 Caravan
44:05 Halberdier
46:04 Banking
49:02 Hoardings
精銳萌古騎豬突猛進
11:00 Feudal Age
13:06 Loom
13:49 Double-Bit Axe
16:15 Castle Age
14:01 Horse Collar
15:38 Gold Mining
15:38 Stone Mining
15:46 Stone Mining
17:59 Bow Saw
23:21 Scale Mail Armor
26:16 Wheelbarrow
25:27 Town Watch
30:28 Imperial Age
28:46 Chain Mail Armor
29:37 Forging
30:03 Town Patrol
30:18 Hand Cart
30:24 Gold Mining
31:48 Conscription
30:52 Elite Hearth Troop
32:06 Plate Mail Armor
32:17 Iron Casting
33:38 Shield Wall
34:07 Arson
34:22 Squires
34:09 Gambesons
36:16 Gold Shaft Mining
36:44 Two-Man Saw
35:47 Heavy Plow
39:09 Fletching
39:19 Padded Archer Armor
39:25 Scale Barding Armor
43:53 Bodkin Arrow
45:10 Bracer
45:25 Leather Archer Armor
45:30 Chain Barding Armor
46:37 Hoardings
45:33 Sappers
45:23 Clerical Recruitment
47:08 Guilds
47:29 Coinage
47:00 Caravan
Connection lost

Rejoining the realm…

Still unreachable

The connection could not be restored.

Session expired

The server has moved on; the page needs a fresh start.